 Dungeon Crawl Stone Soup version 0.25-a0-939-g1e880d33e3 (webtiles) character file.

Game seed: 11110017854139738862, levelgen mode: deterministic

9621 Majang the Geomancer (level 11, -7/62 HPs)
             Began as a Deep Elf Earth Elementalist on May 5, 2020.
             Was an Elder of Vehumet.
             Mangled by an eight-headed hydra (12 damage)
             ... on level 1 of the Lair of Beasts.
             The game lasted 01:09:33 (11979 turns).

Majang the Geomancer (Deep Elf Earth Elementalist) Turns: 11979, Time: 01:09:33

Health: -7/62      AC:  4    Str:  6    XL:     11   Next: 25%
Magic:  16/25      EV: 17    Int: 23    God:    Vehumet [****..]
Gold:   377        SH:  0    Dex: 15    Spells: 8/27 levels left

rFire    . . .     SeeInvis .   q - +1 quarterstaff
rCold    . . .     Gourm    .   (shield currently unavailable)
rNeg     + . .     Faith    .   y - +2 robe {rN+}
rPois    .         Spirit   .   (no helmet)
rElec    .         Reflect  .   (no cloak)
rCorr    .         Harm     .   (no gloves)
MR       +....                  (no boots)
Stlth    ++........             (no amulet)
HPRegen  0.20/turn              (no ring)
MPRegen  0.19/turn              (no ring)

@: no status effects
A: no striking features
a: Renounce Religion


You were on level 1 of the Lair of Beasts.
You worshipped Vehumet.
Vehumet was greatly pleased with you.
You were not hungry.

You visited 3 branches of the dungeon, and saw 10 of its levels.
You also visited: Ossuary and Bailey.

You collected 377 gold pieces.

Inventory:

Hand Weapons
 e - a +0 dagger
 j - a +0 whip
 q - a +1 quarterstaff (weapon)
Missiles
 b - 187 stones (quivered)
Armour
 c - a +1 robe
 y - a +2 robe of positive energy (worn)
Magical Staves
 r - an uncursed staff of poison
Jewellery
 u - an uncursed ring of ice
Wands
 n - a wand of flame (36)
 v - a wand of enslavement (7)
 w - a wand of paralysis (17)
 A - a wand of digging (6)
 D - a wand of random effects (13)
Scrolls
 g - 3 scrolls of identify
 l - 2 scrolls of enchant armour
 m - 8 scrolls of teleportation
 o - a scroll of fog
 x - a scroll of enchant weapon
 z - a scroll of remove curse
 B - a scroll of silence {unknown}
Potions
 a - 2 potions of berserk rage
 f - 6 potions of curing
 h - 4 potions of magic
 i - 2 potions of might
 k - 2 potions of haste
 p - 3 potions of heal wounds
 s - a potion of cancellation
 C - a potion of ambrosia {unknown}
Comestibles
 d - 6 rations


   Skills:
 + Level 4.4 Fighting
 + Level 5.3 Staves
 + Level 7.1 Dodging
 - Level 2.4 Stealth
 + Level 8.9 Spellcasting
 + Level 6.3 Conjurations
 + Level 6.2 Transmutations
 + Level 5.7 Fire Magic
 + Level 9.0 Earth Magic
 + Level 5.5 Evocations


You had 8 spell levels left.
You knew the following spells:

 Your Spells              Type           Power        Failure   Level  Hunger
a - Sandblast             Erth           ######       1%          1    None
b - Stone Arrow           Conj/Erth      #####.       1%          3    None
c - Foxfire               Conj/Fire      ####         1%          1    None
f - Conjure Flame         Conj/Fire      #####...     1%          3    None
l - Lee's Rapid Deconstr  Erth           ######....   1%          5    ####...
p - Petrify               Tmut/Erth      #####...     2%          4    ##.....
w - Passwall              Tmut/Erth      #####...     1%          2    None

Your spell library contained the following spells:

 Spells                   Type           Power        Failure   Level  Hunger
 Mephitic Cloud           Conj/Pois/Air  ###.....     2%          3    None
 Poisonous Vapours        Pois/Air       ##....       10%         2    None
 Freezing Cloud           Conj/Ice/Air   ###.......   67%         6    ######.
 Ring of Flames           Chrm/Fire      ###.......   100%        7    #######


Dungeon Overview and Level Annotations

Branches:
Dungeon (8/15)             Temple (1/1) D:4            Lair (1/6) D:8
Ossuary (visited)          Bailey (visited)

Altars:
Cheibriados
Elyvilon
Fedhas
Kikubaaqudgha
Makhleb
Nemelex Xobeh
Sif Muna
Uskayaw
Vehumet
Wu Jian
Yredelemnul
Zin

Shops:
D:4 =

Annotations:
D:3 1 runed translucent door, tmanko2's ghost, amateur DDFi
Lair:1 exclusion: oklob plant


Message History

You are starving!
A hell rat comes into view.
The eight-headed hydra misses you.
The eight-headed hydra closely misses you.
The eight-headed hydra bites you.
The eight-headed hydra closely misses you.
The eight-headed hydra barely misses you.
The eight-headed hydra bites you! x3
You eat one of the 7 rations.
That ration really hit the spot!
A hell rat comes into view.
The eight-headed hydra bites you!
* * * LOW HITPOINT WARNING * * *
The eight-headed hydra bites you.
* * * LOW HITPOINT WARNING * * *
The eight-headed hydra bites you!
* * * LOW HITPOINT WARNING * * *
The eight-headed hydra misses you.
The eight-headed hydra closely misses you.
The eight-headed hydra bites you!
You die...

#######+## ..#
#...†....# ##.#
#........# #..#
#........## #..#
..........###..#
.........+.....## #
+........P###...###.#
#........##
#..##.#r#.###
#####.####
#...@Dr...... ###
#PP##.###... #######


You could see an eight-headed hydra and 2 hell rats.

Vanquished Creatures
  Harold (D:7)
  A hydra (Lair:1)
  An orc knight (Bailey)
  Psyche (D:8)
  Joseph (D:8)
  2 spiny frogs (Lair:1)
  A troll (D:8)
  3 hippogriffs
  Grum (D:8)
  4 yaks
  A basilisk (Lair:1)
  3 water moccasins (Lair:1)
  A sky beast (D:5)
  2 black bears
  13 orc warriors
  2 ice beasts (D:7)
  2 ogres
  6 wolves
  5 centaurs
  2 crocodiles (Lair:1)
  6 bullfrogs
  3 scorpions
  2 electric eels (D:8)
  2 crimson imps (D:5)
  A howler monkey (D:8)
  A bullfrog zombie (D:6)
  6 hounds
  2 jellies (D:5)
  A centaur skeleton (D:6)
  Ijyb (D:3)
  6 orc wizards
  5 worker ants
  8 big kobold zombies (Ossuary)
  2 hound zombies
  A mummy (Ossuary)
  12 adders
  3 shadow imps
  3 oozes
  An adder zombie (D:5)
  3 adder skeletons
  5 worms
  2 dart slugs (D:4)
  9 leopard geckos
  35 orcs
  A spectral bat (Ossuary)
  2 giant cockroaches (D:4)
  4 gnoll zombies (Ossuary)
  9 goblins
  7 hobgoblins
  8 jackals
  3 kobolds
  3 quokkas
  9 bats
  4 bat simulacra (Ossuary)
  6 frilled lizards
  2 goblin simulacra (Ossuary)
  4 goblin zombies (Ossuary)
  7 hobgoblin zombies (Ossuary)
  A kobold simulacrum (Ossuary)
  A kobold zombie (Ossuary)
  A leopard gecko zombie (D:5)
  6 orc zombies (Ossuary)
  6 rats
  3 rat simulacra (Ossuary)
  3 spectral goblins (Ossuary)
  3 spectral kobolds (Ossuary)
  4 spectral rats (Ossuary)
270 creatures vanquished.

Vanquished Creatures (others)
  69 foxfires
  A fungus (Lair:1)
  3 plants (Lair:1)
73 creatures vanquished.

Grand Total: 343 creatures vanquished

Notes
Turn   | Place    | Note
-------+----------+-------------------------------------------
     0 | D:1      | Majang the Deep Elf Earth Elementalist began the quest for
                  | the Orb.
     0 | D:1      | Reached XP level 1. HP: 10/10 MP: 6/6
   277 | D:1      | Reached XP level 2. HP: 15/15 MP: 4/8
   345 | D:1      | Learned a level 2 spell: Passwall
   707 | D:2      | Reached skill level 4 in Earth Magic
   710 | D:2      | Reached XP level 3. HP: 19/19 MP: 4/10
   766 | D:2      | Learned a level 3 spell: Stone Arrow
  1627 | D:2      | Reached skill level 1 in Conjurations
  1699 | D:2      | Reached XP level 4. HP: 24/24 MP: 10/12
  1743 | D:2      | Noticed an ogre
  1746 | D:2      | Killed an ogre
  1746 | D:2      | Reached skill level 5 in Earth Magic
  1746 | D:2      | Reached XP level 5. HP: 28/28 MP: 8/14
  2092 | D:3      | Noticed tmanko2's ghost (amateur DDFi)
  2104 | D:3      | Found a hide-covered altar of Uskayaw.
  2231 | D:3      | Noticed Ijyb
  2243 | D:3      | Killed Ijyb
  2329 | D:3      | Found a runed translucent door.
  2342 | D:3      | Found a radiant altar of Vehumet.
  2350 | D:3      | Became a worshipper of Vehumet
  2490 | D:3      | Found a white marble altar of Elyvilon.
  2668 | D:4      | Reached skill level 5 in Spellcasting
  2668 | D:4      | Reached XP level 6. HP: 33/33 MP: 8/15
  2915 | D:4      | Found a snail-covered altar of Cheibriados.
  2944 | D:4      | Found an ornate altar of the Wu Jian Council.
  3065 | D:4      | Found a staircase to the Ecumenical Temple.
  3083 | Temple   | Entered the Ecumenical Temple
  3134 | D:4      | Found a basalt altar of Yredelemnul.
  3254 | D:4      | Found Redasherap's Jewellery Shoppe.
  3351 | D:4      | Reached skill level 1 in Fighting
  3442 | D:5      | Entered Level 5 of the Dungeon
  3558 | D:5      | Found a sand-covered staircase.
  3586 | Ossuary  | Entered an ossuary
  3774 | Ossuary  | Reached * piety under Vehumet
  3774 | Ossuary  | Offered knowledge of Foxfire by Vehumet.
  3777 | Ossuary  | Learned a level 1 spell: Foxfire
  3909 | Ossuary  | Reached skill level 1 in Staves
  3922 | Ossuary  | Learned a level 5 spell: Lee's Rapid Deconstruction
  4315 | Ossuary  | Reached ** piety under Vehumet
  4418 | Ossuary  | Offered knowledge of Magic Dart by Vehumet.
  4456 | Ossuary  | Reached skill level 6 in Earth Magic
  4551 | Ossuary  | Reached XP level 7. HP: 38/38 MP: 13/17
  4787 | D:5      | Reached skill level 1 in Fire Magic
  5082 | D:5      | Reached skill level 1 in Evocations
  5097 | D:5      | Offered knowledge of Static Discharge by Vehumet.
  5193 | D:5      | Reached XP level 8. HP: 43/44 MP: 12/18
  5683 | D:5      | Reached *** piety under Vehumet
  5835 | D:5      | Found a burning altar of Makhleb.
  5947 | D:6      | Reached skill level 7 in Earth Magic
  5972 | D:6      | Found a sparkling altar of Nemelex Xobeh.
  6432 | D:6      | Found a shimmering blue altar of Sif Muna.
  6435 | D:6      | Offered knowledge of Iskenderun's Mystic Blast by Vehumet.
  6960 | D:6      | Learned a level 4 spell: Petrify
  7081 | D:7      | Noticed Harold
  7092 | D:7      | Killed Harold
  7092 | D:7      | Reached skill level 5 in Dodging
  7092 | D:7      | Reached XP level 9. HP: 49/49 MP: 4/21
  7478 | D:7      | Found a blossoming altar of Fedhas.
  7480 | D:7      | Found an ancient bone altar of Kikubaaqudgha.
  7588 | D:7      | Reached skill level 8 in Earth Magic
  7909 | D:7      | Found a glowing silver altar of Zin.
  8129 | D:8      | Reached **** piety under Vehumet
  8162 | D:8      | Noticed a troll
  8174 | D:8      | Reached skill level 5 in Conjurations
  8176 | D:8      | Killed a troll
  8176 | D:8      | Offered knowledge of Conjure Flame by Vehumet.
  8176 | D:8      | Reached XP level 10. HP: 56/56 MP: 15/23
  8186 | D:8      | Noticed Psyche
  8195 | D:8      | Killed Psyche
  8195 | D:8      | Reached skill level 5 in Transmutations
  8321 | D:8      | Found a staircase to the Lair.
  8325 | D:8      | Found a flagged portal.
  8325 | D:8      | Noticed Joseph
  8335 | Bailey   | Entered a bailey
  9241 | Bailey   | Noticed an orc knight
  9251 | Bailey   | Killed an orc knight
  9633 | Bailey   | Reached skill level 5 in Fire Magic
 10021 | D:8      | Noticed Grum
 10338 | D:8      | Killed Joseph
 10338 | D:8      | Reached skill level 5 in Evocations
 10529 | D:8      | Killed Grum
 10874 | Lair:1   | Entered Level 1 of the Lair of Beasts
 10882 | Lair:1   | Learned a level 3 spell: Conjure Flame
 11029 | Lair:1   | Reached skill level 5 in Staves
 11380 | Lair:1   | Noticed a spiny frog
 11386 | Lair:1   | Killed a spiny frog
 11386 | Lair:1   | Reached XP level 11. HP: 61/61 MP: 14/25
 11388 | Lair:1   | Noticed a six-headed hydra
 11471 | Lair:1   | Killed a six-headed hydra
 11741 | Lair:1   | Noticed an oklob plant
 11870 | Lair:1   | Reached skill level 9 in Earth Magic
 11974 | Lair:1   | Noticed an eight-headed hydra
 11979 | Lair:1   | Mangled by an eight-headed hydra

Levels and vault maps discovered:
D:1:      mrwooster_arrival_statue_3, layout_basic,
          chequers_serial_rivers_large_b
D:2:      minmay_chambers_of_twos, layout_basic, first_ration
D:3:      layout_rooms, elyvilon_altar_3, old_standard_altar, vehumet_crystals,
          hellmonk_ghost_happy_afterlife, uniq_ijyb
D:4:      layout_rooms, nicolae_overflow_crystal_walls, lemuel_crystal_altar,
          old_standard_altar, minmay_temple_entry_large_hall, serial_shops,
          nicolae_shop_window_shopping, grunt_ministairs_12, minmay_hedge_maze
D:5:      layout_basic, marbit_many_paths, enter_ossuary_1
D:6:      layout_basic, nemelex_xobeh_ov_fountains_minmay, lemuel_crystal_altar,
          moated_statue
D:7:      layout_rooms, grunt_temple_overflow_growth_and_decay, zin_scriptorium,
          uniq_harold
D:8:      layout_rooms, erik_lair_island, enter_bailey_3, grunt_pizzeria,
          uniq_joseph, uniq_grum, uniq_psyche
Temple:   nicolae_temple_figure_zero
Lair:1:   layout_roguey, kennysheep_abandoned_house, grunt_megastairs_4,
          minmay_lair_oklob_chamber

Skill      XL: |  1  2  3  4  5  6  7  8  9 10 11 |
---------------+----------------------------------+-----
Spellcasting   | 4 5 7 8 |  8.9
Earth Magic    | 4 5 6 7 8 9 |  9.0
Conjurations   | 1 2 3 4 5 6 |  6.3
Dodging        | 3 5 6 7 |  7.1
Fighting       | 1 2 3 4 |  4.4
Staves         | 1 2 3 4 5 |  5.3
Transmutations | 2 4 5 6 |  6.2
Fire Magic     | 1 3 4 5 |  5.7
Evocations     | 1 3 4 5 |  5.5
Stealth        | |  2.4

Action                   |  1- 3 |  4- 6 |  7- 9 | 10-12 || total
-------------------------+-------+-------+-------+-------++-------
Melee: Dagger            |    23 |     7 |       |       ||    30
       Whip              |    25 |    19 |       |       ||    44
       Club              |     2 |       |       |       ||     2
       Quarterstaff      |       |    70 |    35 |     7 ||   112
 Cast: Sandblast         |    38 |    73 |    97 |    44 ||   252
       Stone Arrow       |       |    13 |    41 |    50 ||   104
       Foxfire           |       |    16 |     3 |    24 ||    43
       Lee's Rapid Decon |       |       |    17 |    26 ||    43
       Petrify           |       |       |     4 |       ||     4
       Conjure Flame     |       |       |       |     6 ||     6
Evoke: Wand              |       |       |       |     2 ||     2
  Use: Scroll            |       |     8 |     3 |     7 ||    18
       Potion            |       |     1 |     2 |     5 ||     8
 Stab: Sleeping          |     3 |     5 |       |       ||     8
       Paralysed         |       |       |       |     6 ||     6
  Eat: Chunk             |     2 |     8 |    13 |     9 ||    32
       Ration            |       |     1 |       |     3 ||     4
Armor: Robe              |    12 |    23 |    11 |     8 ||    54
Dodge: Dodged            |    47 |    86 |    56 |    59 ||   248

Table legend:
 A = Non-vault XP
 B = Vault XP
 C = Vault XP percentage of total XP
 D = Non-vault monster count
 E = Vault monster count
 F = Vault count percentage of total count
                 A         B        C        D         E       F
            +---------+---------+-------+---------+---------+-------
      Total |    7121 |    6624 |  48.2 |     160 |     110 |  40.7
            +---------+---------+-------+---------+---------+-------
        D:1 |      35 |       0 |   0.0 |      16 |       0 |   0.0
        D:2 |      59 |     148 |  71.5 |      23 |       8 |  25.8
        D:3 |      32 |      36 |  52.9 |       9 |       1 |  10.0
        D:4 |     169 |      33 |  16.3 |      13 |       1 |   7.1
        D:5 |    1016 |       0 |   0.0 |      36 |       0 |   0.0
        D:6 |     978 |       0 |   0.0 |      22 |       0 |   0.0
        D:7 |    1333 |    1084 |  44.8 |      19 |       2 |   9.5
        D:8 |     764 |    2214 |  74.3 |      12 |      16 |  57.1
     Lair:1 |    2735 |     835 |  23.4 |      10 |       4 |  28.6
    Ossuary |       0 |     275 | 100.0 |       0 |      52 | 100.0
     Bailey |       0 |    1999 | 100.0 |       0 |      26 | 100.0
            +---------+---------+-------+---------+---------+-------
